 Dungeon Sprint DCSS version 0.30-a0-358-g0d69a1922f (webtiles) character file.

Game seed: 6738959878042099010

22845 rocky1 the Spry (level 13, -77/114 HPs)
             Began as a Merfolk Gladiator on Nov 9, 2022.
             Was the Champion of Qazlal.
             Killed from afar by an ancient lich (128 damage)
             ... with a crystal spear
             ... in the Dungeon (Sprint V: "Ziggurat Sprint").
             The game lasted 00:13:11 (1308 turns).

rocky1 the Spry (Merfolk Gladiator)                 Turns: 1308, Time: 00:13:11

Health: -77/114    AC: 30    Str: 21    XL:     13   Next: 2%
Magic:  0/23       EV: 20    Int:  9    God:    Qazlal [******]
Gold:   0          SH: 26    Dex: 26    Spells: 12/12 levels left

rFire   + + +      SeeInvis .    G - +10 lance "Wyrmbane" {slay drac, rPois rF+ rC+ AC+3}
rCold   + + .      Faith    .    m - +3 kite shield
rNeg    . . .      Spirit   +    O - +5 chain mail "Xoqopeme" {rPois Regen+ Str-3}
rPois   +          Reflect  .    C - +5 helmet "Relosut" {rCorr Dex+5}
rElec   .          Harm     .    K - +0 cloak {Stlth+}
rCorr   +          Rampage  .    l - +1 pair of gloves {hurl}
Will    +....      NoTele   +    (no boots)
Stlth   ..........               H - amulet of Paatrant {Spirit Str+3}
HPRegen 1.19/turn                M - ring "Puamefar" {rF+ rC+ Str+3 Dex+6}
MPRegen 0.18/turn                c - ring "Oceosul" {Contam rPois rF++ Will+ rCorr}

@: protected from fire, repel missiles
A: (nimble swimmer 2), mertail
a: Renounce Religion, Upheaval, Elemental Force, Disaster Area


You were in the Dungeon.
You worshipped Qazlal.
Qazlal was exalted by your worship.
You visited 1 branch

Inventory:

Hand Weapons
 z - the +8 arc blade {discharge, rElec}
   (You found it in the Dungeon)

   It occasionally unleashes powerful arcs of lightning upon striking a foe.
   These may arc to other adjacent creatures (including the wielder, but dealing
   reduced damage to them) before grounding out.
   rElec:     It insulates you from electricity.
 G - the +10 lance "Wyrmbane" (weapon) {slay drac, rPois rF+ rC+ AC+3}
   (You found it in the Dungeon)

   It inflicts extra damage against dragons and draconians.
   AC:        It affects your AC (+3).
   rF:        It protects you from fire.
   rC:        It protects you from cold.
   rPois:     It protects you from poison.
 L - the +8 frozen axe "Frostbite" {freezing cloud, *Noise Fly rC+}
   (You found it in the Dungeon)

   It freezes those it strikes, dealing additional cold damage.
   It can also slow down cold-blooded creatures.
   It occasionally leaves clouds of freezing vapour upon striking a foe.
   It grants immunity to clouds of freezing vapour.
   rC:        It protects you from cold.
   Fly:       It grants you flight.
   *Noise:    It may make noises in combat.
Missiles
 d - 3 throwing nets (quivered)
 e - a javelin
Armour
 l - a +1 pair of gloves of hurling (worn)
 m - a +3 kite shield (worn)
 n - a +3 tower shield
 C - the +5 helmet "Relosut" (worn) {rCorr Dex+5}
   (You found it in the Dungeon)

   Dex:       It affects your dexterity (+5).
   rCorr:     It protects you from acid and corrosion.
 I - +5 gold dragon scales
 K - a +0 cloak of stealth (worn)
 O - the +5 chain mail "Xoqopeme" (worn) {rPois Regen+ Str-3}
   (You found it in the Dungeon)

   Str:       It affects your strength (-3).
   rPois:     It protects you from poison.
   Regen:     It increases your rate of health regeneration.
Jewellery
 b - a ring of protection from cold
 c - the ring "Oceosul" (right hand) {Contam rPois rF++ Will+ rCorr}
   (You found it in the Dungeon)

   [ring of willpower]

   rF:        It greatly protects you from fire.
   rPois:     It protects you from poison.
   Contam:    It causes magical contamination when unequipped.
   rCorr:     It protects you from acid and corrosion.
   Will:      It increases your willpower.
 A - a ring of willpower
 E - a +6 ring of strength
 F - a +6 ring of strength
 H - the amulet of Paatrant (around neck) {Spirit Str+3}
   (You found it in the Dungeon)

   [amulet of guardian spirit]

   It causes incoming damage to be divided between your reserves of health and
   magic.
   Str:       It affects your strength (+3).
 J - the ring "Seib" {*Corrode rElec MP+9 Int+2 Dex+4}
   (You acquired it in the Dungeon)

   [ring of magical power]

   Int:       It affects your intelligence (+2).
   Dex:       It affects your dexterity (+4).
   rElec:     It insulates you from electricity.
   MP:        It affects your magic capacity (+9).
   *Corrode:  It may corrode you when you take damage.
 M - the ring "Puamefar" (left hand) {rF+ rC+ Str+3 Dex+6}
   (You found it in the Dungeon)

   [ring of dexterity]

   Str:       It affects your strength (+3).
   Dex:       It affects your dexterity (+6).
   rF:        It protects you from fire.
   rC:        It protects you from cold.
 N - a +4 ring of protection
 P - the ring of the Mage {Wiz Archmagi}
   (You found it in the Dungeon)

   [ring of wizardry]

   It improves your spell success rate.
   Archmagi:  It increases the power of your magical spells.
Wands
 x - a wand of mindburst (7)
 y - a wand of acid (7)
Scrolls
 k - 4 scrolls of blinking
 t - 4 scrolls of amnesia
 u - 7 scrolls of fog
 v - 5 scrolls of identify
 w - 2 scrolls of fear
Potions
 f - 10 potions of curing
 g - 12 potions of heal wounds
 h - 10 potions of haste
 i - 6 potions of magic
 j - a potion of berserk rage
 o - 2 potions of brilliance
 p - 2 potions of invisibility
 q - 4 potions of resistance
 s - 5 potions of might
Miscellaneous
 a - a phial of floods
 r - a lightning rod (4/4)
 B - a tin of tremorstones (2/2)
 D - a condenser vane


   Skills:
 + Level 14.4 Fighting
 + Level 17.1 Polearms
 - Level 2.0 Throwing
 + Level 10.2 Armour
 + Level 17.1 Dodging
 + Level 13.0 Shields
 + Level 13.8 Invocations
 + Level 12.8 Evocations


You had 12 spell levels left.
You didn't know any spells.
Your spell library contained the following spells:

 Spells                   Type           Power      Damage    Failure   Level
 Apportation              Tloc           0%         N/A       99%         1
 Blink                    Tloc           0%         N/A       100%        2
 Cigotuvi's Dreadful Rot  Necr/Pois/Air  0%         N/A       100%        2
 Ensorcelled Hibernation  Hex/Ice        0%         N/A       100%        2
 Scorch                   Fire           0%         2d5       100%        2
 Teleport Other           Tloc           0%         N/A       100%        3
 Vhi's Electric Charge    Tloc/Air       0%         N/A       100%        3
 Flame Wave               Conj/Fire      0%         2d4       100%        4
 Leda's Liquefaction      Hex/Erth       0%         N/A       100%        4
 Manifold Assault         Tloc           0%         N/A       100%        4
 Arcjolt                  Conj/Air       0%         1d10      100%        5
 Blade Hands              Tmut           0%         N/A       100%        5
 Irradiate                Conj/Tmut      0%         3d11      100%        5
 Lee's Rapid Deconstruct  Erth           0%         3d4*      100%        5
 Statue Form              Tmut/Erth      0%         N/A       100%        6
 Summon Cactus Giant      Summ           0%         N/A       100%        6
 Dragon Form              Tmut           0%         N/A       100%        7
 Storm Form               Tmut/Air       0%         N/A       100%        7
 Infestation              Necr           0%         N/A       100%        8
 Maxwell's Capacitive Co  Air            0%         ∞         100%        8


Dungeon Overview and Level Annotations

Branches:
Dungeon (1/1)

Altars:
Ashenzari
Cheibriados
Dithmenos
Elyvilon
Fedhas
Gozag
Hepliaklqana
Kikubaaqudgha
Makhleb
Nemelex Xobeh
Okawaru
Qazlal
Ru
Sif Muna
Trog
Uskayaw
Vehumet
Wu Jian
Xom
Yredelemnul
Zin
The Shining One
Jiyva
Lugonu


Innate Abilities, Weirdness & Mutations

((You are very nimble when in or above water. (Stealth+, EV+, Speed+++)))
Your lower body shifts to a powerful aquatic tail in water.


Message History

Something hits you but does no damage. Something burns you.
* * * LOW HITPOINT WARNING * * *
Something bites you.
* * * LOW HITPOINT WARNING * * *
Something draws strength from your injuries!
The necrophage misses you.
You block the skeletal warrior's attack.
The necromancer gestures wildly while chanting.
The necromancer binds the souls of nearby monsters.
Something touches you but does no damage.
Activating: Disaster Area (1% risk of failure)
Press: ? - help, Dir - look around, f - activate Nature churns violently around you!
The blast of ice hits the necromancer!!
You kill the necromancer!
Qazlal accepts your kill.
The blast of ice hits the necrophage!!
The necrophage partially resists.
The necrophage is almost destroyed.
The necrophage is flash-frozen.
The blast of ice hits the skeletal warrior!!
The skeletal warrior partially resists.
You destroy the skeletal warrior!
Qazlal accepts your kill.
The blast of rubble hits something.
The necrophage misses you. Something hits you but does no damage.
Something burns you.
* * * LOW HITPOINT WARNING * * *
You feel more protected from fire. Something bites you but does no damage.
Something touches you.
* * * LOW HITPOINT WARNING * * *
You feel drained.
Your life force feels restored.
Your Dodging skill increases to level 17!
Your Shields skill increases to level 13!
You have reached level 13!
You feel much better.
An ancient lich appears from thin air!
Reactivating autopickup.
The ancient lich points at you and mumbles some strange words.
The crystal spear hits you!!!!
Ouch! That really hurt!
You die...

▓........▓.
▓..:.)}}§)§.▓.▓....▓.▓.
▓...?.))|§§.▓...©....▓.
▓...........▓▓▓▓▓▓▓▓▓▓▓
▓.....≈.....▓...8©8...▓
▓....≈[.....▓..|}.))..▓
....≈))○...▓...[|....▓
▓|L☼n.▓ ▓.........▓
▓▓.@{▓▓ ▓....†....▓
▓..▓§.☼☼§▓..▓.....†...▓
▓....○©○....▓..).)....▓
▓▓▓▓▓▓▓▓▓▓▓▓▓.▓).†..▓.▓
▓~...8©8...~▓....©....▓
▓..})||[~~..▓▓▓▓▓▓▓▓▓▓▓
▓..~)~}:~...▓...8©8...▓
▓~~.~.~~~...▓..))..}..▓
▓.~~~.......▓...).....▓


You could see an ancient lich (fast) and a necrophage (frozen).

Vanquished Creatures
  A fire giant (D)
  A deep elf elementalist (D)
  A ghoul (D)
  2 fire dragons (D)
  2 merfolk aquamancers (D)
  A dancing weapon (D)
  A vampire mage (D)
  2 hell hogs (D)
  2 deep elf knights (D)
  A skeletal warrior (D)
  3 sea snakes (D)
  A deep elf archer (D)
  A cyclops (D)
  A deep elf pyromancer (D)
  An orc sorcerer (D)
  A manticore (D)
  2 necromancers (D)
  2 rust devils (D)
  A merfolk siren (D)
  5 toenail golems (D)
  A black mamba (D)
  A naga mage (D)
  2 water nymphs (D)
  A cane toad (D)
  4 rime drakes (D)
  An efreet (D)
  4 merfolk (D)
  A blink frog (D)
  4 wind drakes (D)
  A dream sheep (D)
  2 fire elementals (D)
  A chaos spawn (D)
  2 nagas (D)
  3 water moccasins (D)
  4 hell hounds (D)
  An ice beast (D)
  2 swamp drakes (D)
  2 phantoms (D)
  A bullfrog (D)
  3 necrophages (D)
  An earth elemental (D)
  2 wights (D)
  3 crimson imps (D)
  An iron imp (D)
  2 adders (D)
  3 shadow imps (D)
  A white imp (D)
  2 ufetubi (D)
  2 adder skeletons (D)
  An adder zombie (D)
  A ball python (D)
  A bat zombie (D)
  A ball python simulacrum (D)
  A ball python zombie (D)
  A fire vortex (D)
96 creatures vanquished.

Notes
Turn   | Place    | Note
-------+----------+-------------------------------------------
     0 | D        | rocky1 the Merfolk Gladiator began the quest for the Orb.
     0 | D        | Reached XP level 1. HP: 16/16 MP: 1/1
     2 | D        | Found a blossoming altar of Fedhas.
     2 | D        | Found the +6 Majin-Bo {vamp, MP+6 Int+6}
     2 | D        | Found the +9 heavy crossbow "Sniper" {vorpal, Acc+∞ SInv}
     2 | D        | Found the +10 dark maul {vorpal}
     2 | D        | Found the +15 Maxwell's patent armour {-Cast -Tele rElec
                  | Will+ rCorr}
     2 | D        | Found the +18 shield of the Gong {rElec rN+ Will+ EV-5}
     2 | D        | Found the +14 obsidian axe {vorpal, Mesm Drain Fly SInv}
     2 | D        | Found the +7 great mace "Firestarter" {inner flame, rF++}
     2 | D        | Found the +6 shillelagh "Devastator" {shatter}
     2 | D        | Found the +11 plutonium sword {Contam Stlth-}
     2 | D        | Found the +8 lance "Wyrmbane" {slay drac, rPois rF+ rC+
                  | AC+3}
     2 | D        | Found the +9 sword of Zonguldrok {reap}
     2 | D        | Found the +13 scythe of Curses {drain, Drain}
     2 | D        | Found the +5 sword of Power {vorpal}
     2 | D        | Found the +7 mace of Variability {chain chaos}
     2 | D        | Found the +7 Singing Sword {vorpal, sonic wave}
     2 | D        | Found the +8 storm bow {elec, penet}
     6 | D        | Found a shimmering blue altar of Sif Muna.
     6 | D        | Found a sacrificial altar of Ru.
     6 | D        | Found a bloodstained altar of Trog.
     6 | D        | Found a stormy altar of Qazlal.
     6 | D        | Found an iron altar of Okawaru.
     6 | D        | Found a sparkling altar of Nemelex Xobeh.
     8 | D        | Found a transporter.
     8 | D        | Found an ancient bone altar of Kikubaaqudgha.
     8 | D        | Found a viscous altar of Jiyva.
     8 | D        | Found a corrupted altar of Lugonu.
     8 | D        | Found a hazy altar of Hepliaklqana.
     8 | D        | Found a burning altar of Makhleb.
     8 | D        | Found an opulent altar of Gozag.
    61 | D        | Reached skill level 5 in Polearms
    61 | D        | Reached skill level 5 in Dodging
    61 | D        | Reached XP level 2. HP: 25/25 MP: 2/2
    75 | D        | Became a worshipper of Qazlal Stormbringer
    99 | D        | Entered arena 2.
    99 | D        | Noticed an ice beast
    99 | D        | Found a transporter.
   105 | D        | Killed an ice beast
   106 | D        | Reached skill level 5 in Fighting
   106 | D        | Reached XP level 3. HP: 30/33 MP: 2/4
   106 | D        | Reached XP level 4. HP: 36/39 MP: 2/5
   180 | D        | Entered arena 3.
   180 | D        | Found a transporter.
   191 | D        | Reached * piety under Qazlal
   192 | D        | Reached XP level 5. HP: 39/44 MP: 5/7
   196 | D        | Reached ** piety under Qazlal
   231 | D        | Entered arena 4.
   231 | D        | Noticed a hell hound
   231 | D        | Found a transporter.
   239 | D        | Killed a hell hound
   240 | D        | Reached XP level 6. HP: 37/52 MP: 7/9
   245 | D        | Reached skill level 5 in Shields
   245 | D        | Reached *** piety under Qazlal
   264 | D        | Got the Monograph on Unstable Mortification
   267 | D        | Entered arena 5.
   267 | D        | Found the +8 arc blade {discharge, rElec}
   267 | D        | Noticed a swamp drake
   267 | D        | Noticed a rime drake
   267 | D        | Noticed a rime drake
   267 | D        | Noticed a swamp drake
   267 | D        | Found a transporter.
   269 | D        | Killed a swamp drake
   275 | D        | Killed a rime drake
   276 | D        | Reached skill level 5 in Invocations
   276 | D        | Reached skill level 5 in Evocations
   276 | D        | Reached XP level 7. HP: 52/60 MP: 9/11
   277 | D        | Killed a rime drake
   278 | D        | Reached skill level 5 in Armour
   278 | D        | Reached XP level 8. HP: 55/68 MP: 9/12
   279 | D        | Reached **** piety under Qazlal
   332 | D        | Entered arena 6.
   332 | D        | Noticed a toenail golem
   332 | D        | Noticed a toenail golem
   332 | D        | Noticed a toenail golem
   332 | D        | Noticed a toenail golem
   332 | D        | Noticed a toenail golem
   332 | D        | Found a transporter.
   341 | D        | Killed a toenail golem
   342 | D        | Reached skill level 10 in Polearms
   342 | D        | Reached skill level 10 in Dodging
   344 | D        | Killed a toenail golem
   350 | D        | Killed a toenail golem
   351 | D        | Reached XP level 9. HP: 76/76 MP: 12/14
   353 | D        | Killed a toenail golem
   361 | D        | Killed a toenail golem
   361 | D        | Reached ***** piety under Qazlal
   511 | D        | Got the +10 sling of the Hierophant {speed, Stlth+}
   522 | D        | Entered arena 7.
   545 | D        | Found a transporter.
   559 | D        | Got the +5 helmet "Relosut" {rCorr Dex+5}
   573 | D        | Entered arena 8.
   573 | D        | Noticed a naga mage
   575 | D        | Found a transporter.
   588 | D        | Reached ****** piety under Qazlal
   590 | D        | Killed a naga mage
   591 | D        | Reached skill level 10 in Fighting
   591 | D        | Reached XP level 10. HP: 85/85 MP: 16/16
   602 | D        | Got the amulet of Paatrant {Spirit Str+3}
   610 | D        | Entered arena 9.
   639 | D        | Found a transporter.
   665 | D        | Entered arena 10.
   665 | D        | Noticed a rust devil
   665 | D        | Noticed a rust devil
   666 | D        | Found a transporter.
   673 | D        | Killed a rust devil
   674 | D        | Reached skill level 10 in Invocations
   679 | D        | Killed a rust devil
   731 | D        | Got the +5 chain mail "Xoqopeme" {rPois Regen+ Str-3}
   779 | D        | Entered arena 11.
   779 | D        | Noticed a deep elf pyromancer
   779 | D        | Noticed a deep elf knight
   779 | D        | Noticed a deep elf elementalist
   779 | D        | Noticed a deep elf knight
   779 | D        | Noticed a +2 halberd of protection
   779 | D        | Noticed an orc sorcerer
   779 | D        | Noticed a deep elf archer
   780 | D        | Killed an orc sorcerer
   781 | D        | Reached skill level 10 in Shields
   781 | D        | Killed a deep elf archer
   782 | D        | Reached XP level 11. HP: 93/93 MP: 11/18
   782 | D        | Killed a deep elf knight
   789 | D        | Killed a deep elf elementalist
   790 | D        | Reached skill level 10 in Evocations
   794 | D        | Killed a deep elf knight
   797 | D        | Killed a deep elf pyromancer
   810 | D        | Killed a +2 halberd of protection
   811 | D        | Found a transporter.
   998 | D        | Got the amulet "Efaotus" {Spirit rF- rCorr Dex+8 SInv}
  1014 | D        | Entered arena 12.
  1016 | D        | Found a transporter.
  1046 | D        | Reached skill level 15 in Polearms
  1046 | D        | Reached skill level 15 in Dodging
  1064 | D        | Got the amulet "Daimuux" {Faith Str+2}
  1068 | D        | Got the ring "Oceosul" {Contam rPois rF++ Will+ rCorr}
  1078 | D        | Entered arena 13.
  1078 | D        | Noticed a fire giant
  1078 | D        | Noticed a hell hog
  1078 | D        | Noticed a fire dragon
  1078 | D        | Noticed a fire dragon
  1079 | D        | Noticed a hell hog
  1080 | D        | Found the +8 frozen axe "Frostbite" {freezing cloud, *Noise
                  | Fly rC+}
  1084 | D        | Killed a fire dragon
  1089 | D        | Killed a hell hog
  1090 | D        | Reached XP level 12. HP: 96/103 MP: 8/21
  1092 | D        | Killed a hell hog
  1096 | D        | Killed a fire dragon
  1104 | D        | Killed a fire giant
  1105 | D        | Found a transporter.
  1123 | D        | Got the ring "Puamefar" {rF+ rC+ Str+3 Dex+6}
  1135 | D        | Entered arena 14.
  1136 | D        | Noticed a merfolk aquamancer
  1136 | D        | Noticed a merfolk aquamancer
  1136 | D        | Found the ring of the Mage {Wiz Archmagi}
  1146 | D        | Killed a merfolk aquamancer
  1146 | D        | Killed a merfolk aquamancer
  1245 | D        | Found a transporter.
  1251 | D        | Got the Reference Book on Congealing Coordinates
  1263 | D        | Acquired the ring "Seib" {*Corrode rElec MP+9 Int+2 Dex+4}
  1275 | D        | Entered arena 15.
  1275 | D        | Noticed a ghoul
  1276 | D        | Noticed a vampire mage
  1276 | D        | Noticed an ancient lich
  1276 | D        | Noticed a vampire mage
  1277 | D        | Identified the ring of the Empire {*Slow rCorr AC+4 Str+4}
  1287 | D        | Killed a vampire mage
  1288 | D        | Reached skill level 10 in Armour
  1299 | D        | Killed a ghoul
  1308 | D        | Reached XP level 13. HP: 25/114 MP: 11/23
  1308 | D        | Killed from afar by an ancient lich

Illustrated notes

Levels and vault maps discovered:
D:        sprint_v [room_start, room_1, room_2, room_3, room_4, room_5, room_6,
          room_7, room_8, room_9, room_10, room_11, room_12, room_13, room_14,
          room_15, room_16, room_17, room_18, room_19, room_20, room_21,
          room_22, room_23, room_24, room_25, room_26, room_27]

Skill      XL: |  1  2  3  4  5  6  7  8  9 10 11 12 |
---------------+-------------------------------------+-----
Fighting       | 4 5 6 7 9 10 11 12 14 | 14.4
Polearms       | 5 6 7 9 11 12 13 15 17 | 17.1
Armour         | 2 3 4 5 6 7 9 10 | 10.2
Dodging        | 5 6 7 8 9 11 12 13 15 17 | 17.1
Shields        | 3 4 6 7 8 10 11 13 | 13.0
Invocations    | 2 3 4 5 6 7 9 10 12 13 | 13.8
Evocations     | 2 3 5 7 8 9 11 12 | 12.8
Throwing       | |  2.0

Action                   |  1- 3 |  4- 6 |  7- 9 | 10-12 | 13-15 || total
-------------------------+-------+-------+-------+-------+-------++-------
Melee: Lance             |     5 |    36 |    66 |   162 |       ||   269
       Tailslap          |       |       |       |     7 |       ||     7
Invok: Upheaval          |       |       |       |     7 |       ||     7
       Disaster Area     |       |       |       |     4 |       ||     4
Evoke: Phial of floods   |       |       |       |     1 |       ||     1
  Use: Potion            |     2 |       |     1 |     2 |     1 ||     6
       Scroll            |       |       |       |     1 |       ||     1
 Stab: Confused          |       |       |     1 |       |       ||     1
Armor: Plate armour      |     3 |       |       |       |       ||     3
       Scale mail        |       |    21 |     7 |    11 |       ||    39
       Chain mail        |       |       |       |    66 |       ||    66
Dodge: Dodged            |     2 |    19 |    14 |    65 |       ||   100
       Repelled          |       |       |     2 |     2 |       ||     4
Block: Buckler           |     4 |    23 |    23 |    43 |       ||    93
       Kite shield       |       |       |       |   121 |       ||   121

Table legend: (Time is in decaauts)
 A = Elapsed time spent in this place.
 B = Non-inter-level travel time spent in this place.
 C = Inter-level travel time spent in this place.
 D = Time resting spent in this place.
 E = Time spent auto-exploring this place.
 F = Levels seen in this place.
 G = Mean time per level.
                   A        B        C        D        E       F      G
               +--------+--------+--------+--------+--------+-----+--------+
         Total |   1208 |   1208 |      0 |    538 |      0 |   1 | 1208.0 |
       Dungeon |   1208 |   1208 |      0 |    538 |      0 |   1 | 1208.0 |
               +--------+--------+--------+--------+--------+-----+--------+

Top non-repeatable levels by time:
       D: 1208 daAuts
